 Dungeon Crawl Stone Soup version 0.30-a0-364-gf6b3ef1049 (webtiles) character file.

Game seed: 3029540862440393868

1547 BritishOli the Trooper (level 8, -5/65 HPs)
             Began as a Demonspawn Gladiator on Nov 14, 2022.
             Shot with an arrow by a centaur (12 damage)
             ... on level 7 of the Dungeon.
             The game lasted 00:05:50 (4470 turns).

BritishOli the Trooper (Demonspawn Gladiator)       Turns: 4470, Time: 00:05:50

Health: -5/65      AC:  4    Str: 17    XL:     8   Next: 57%
Magic:  8/8        EV: 14    Int:  9    God:
Gold:   287        SH:  0    Dex: 15    Spells: 7/7 levels left

rFire   . . .      SeeInvis .    a - +0 war axe
rCold   . . .      Faith    .    (no shield)
rNeg    . . .      Spirit   .    b - +0 leather armour
rPois   .          Reflect  .    c - +0 helmet
rElec   .          Harm     .    (no cloak)
rCorr   .          Rampage  .    (no gloves)
Will    .....                    (no boots)
Stlth   +.........               (no amulet)
HPRegen 0.30/turn                (no ring)
MPRegen 0.11/turn                (no ring)

@: no status effects
A: hooves 1, spiny 2, demonic touch 1
a: no special abilities


You were on level 7 of the Dungeon.
You visited 1 branch of the dungeon, and saw 6 of its levels.

You collected 287 gold pieces.

Inventory:

Hand Weapons
 a - a +0 war axe (weapon)
Missiles
 d - 4 throwing nets (quivered)
 e - 3 javelins
Armour
 b - a +0 leather armour (worn)
 c - a +0 helmet (worn)
 z - a +0 plate armour
Jewellery
 m - a ring of wizardry
 q - an amulet of the acrobat
 D - a ring of see invisible
Wands
 y - a wand of polymorph (11)
Scrolls
 f - a scroll of enchant weapon {unknown}
 g - 6 scrolls of identify {unknown}
 h - 2 scrolls of butterflies {unknown}
 i - 8 scrolls of teleportation {unknown}
 j - a scroll of enchant armour {unknown}
 k - a scroll of magic mapping {unknown}
 l - a scroll of fear {unknown}
 p - a scroll of amnesia {unknown}
 u - a scroll of vulnerability {unknown}
 w - a scroll of blinking {unknown}
 C - a scroll of poison {unknown}
 E - a scroll of torment {unknown}
Potions
 n - a potion of magic {unknown}
 o - 2 potions of invisibility {unknown}
 r - 2 potions of curing {unknown}
 s - a potion of heal wounds {unknown}
 t - 2 potions of haste
 v - 2 potions of attraction {unknown}
 x - a potion of mutation {unknown}
 A - 2 potions of degeneration {unknown}
 B - 3 potions of might {unknown}
 F - a potion of berserk rage {unknown}
 G - a potion of brilliance {unknown}
 H - a potion of lignification {unknown}
 I - a potion of flight {unknown}


   Skills:
 + Level 6.4 Fighting
 - Level 4.1 Axes
 - Level 2.2 Throwing
 + Level 4.4 Armour
 + Level 6.2 Dodging


You had 7 spell levels left.
You didn't know any spells.
Your spell library contained the following spells:

 Spells                   Type           Power      Damage    Failure   Level
 Apportation              Tloc           0%         N/A       43%         1
 Kiss of Death            Conj/Necr      0%         2d5       43%         1
 Necrotise                Necr           0%         1d4       43%         1
 Summon Small Mammal      Summ           0%         N/A       43%         1
 Confusing Touch          Hex            0%         N/A       82%         3
 Dispel Undead            Necr           0%         3d6       99%         4


Dungeon Overview and Level Annotations

Branches:
Dungeon (7/15)
 Temple: D:4-7

Altars:
Ashenzari
Sif Muna

Shops:
D:2 =   D:7 ((*

Annotations:
D:4 2 transporters, rayg00n's ghost, amateur AtRe


Innate Abilities, Weirdness & Mutations

You have large cloven feet.
You are mostly covered in sharp spines.
Your touch may inflict minor irresistible damage on your foes.


Message History

The centaur shoots an arrow.
The arrow hits you!
The vampire mosquito bites you but does no damage.
You are too injured to fight recklessly!
Unknown command.
You are too injured to fight recklessly!
Unknown command.
You are too injured to fight recklessly!
Unknown command.
You are too injured to fight recklessly!
Unknown command.
You are too injured to fight recklessly!
You miss the vampire mosquito. Your kick misses the vampire mosquito.
The vampire mosquito is heavily damaged.
You slash the plant!
A nearby plant withers and dies.
The vampire mosquito is struck by your spines.
The vampire mosquito bites you.
The vampire mosquito draws strength from your injuries!
The centaur shoots an arrow.
The arrow misses you.
The arrow hits the plant!
The vampire mosquito is struck by your spines.
You destroy the vampire mosquito!
You slash the yak! You kick the yak.
You touch the yak!
The yak is heavily wounded.
You hit the plant.
The centaur shoots an arrow.
The arrow hits you!
* * * LOW HITPOINT WARNING * * *
The yak gores you.
* * * LOW HITPOINT WARNING * * *
The centaur shoots an arrow.
The arrow hits you!
* * * LOW HITPOINT WARNING * * *
The yak gores you but does no damage.
You barely miss the yak. You kick the yak.
The yak is severely wounded.
You slash the plant!
A nearby plant withers and dies.
The centaur shoots an arrow.
The arrow barely misses you.
The centaur shoots an arrow.
The arrow closely misses you. The yak closely misses you.
Unknown command.
You hit the yak. You kick the yak, but do no damage.
The yak is almost dead.
The centaur shoots an arrow.
The arrow hits you!
You die...

########## ##############
.>.......###............#
........................#
..#####..#.....#######..#
....#.###..#.#.#P....#..#
..#.##..##.#.#.#c###.#..#
....#...##)#...'.#[+.#..#
.....##)##...#.#@###.#..#
..#.#.#..#.#.#.#.Y..P#.##
..#..#.....#.#.#######.#
..#..##...#.#..........#
.#.#..#..#.#..####.#.#.#
.#..###.#.#.[.#.#.#.##.#
...#####.#.#####..[....#
.#.###.#.#.#(##...####.#
.##.#..##.##..####.##..#


You could see a yak and a centaur.

Vanquished Creatures
  A vampire mosquito (D:7)
  A water moccasin (D:7)
  Duvessa (D:7)
  A sky beast (D:7)
  A black bear (D:4)
  An ice beast (D:7)
  A phantom (D:7)
  2 bullfrogs (D:7)
  2 necrophages
  A wight (D:7)
  Dowan (D:7)
  2 hounds (D:7)
  A gnoll bouda (D:7)
  An orc priest (D:5)
  3 iguanas
  Natasha (thrice) (D:2)
  2 orc wizards (D:5)
  A mummy (D:7)
  7 adders
  A white imp (D:7)
  An ufetubus (D:5)
  3 worms
  6 dart slugs
  9 orcs
  4 endoplasms
  7 giant cockroaches
  6 goblins
  7 hobgoblins
  2 jackals (D:1)
  2 kobolds
  3 quokkas
  9 ball pythons
  3 bats
  A frilled lizard (D:3)
  4 rats
101 creatures vanquished.

Vanquished Creatures (others)
  3 plants (D:7)
3 creatures vanquished.

Grand Total: 104 creatures vanquished

Notes
Turn   | Place    | Note
-------+----------+-------------------------------------------
     0 | D:1      | BritishOli the Demonspawn Gladiator began the quest for the
                  | Orb.
     0 | D:1      | Reached XP level 1. HP: 16/16 MP: 1/1
   136 | D:1      | Gained mutation: You are partially covered in sharp spines.
                  | [demonic ancestry]
   136 | D:1      | Reached XP level 2. HP: 22/22 MP: 2/2
   379 | D:1      | Reached XP level 3. HP: 28/28 MP: 3/3
  1177 | D:2      | Found Qanaa's One-of-a-Kind Rings.
  1214 | D:2      | Noticed Natasha
  1261 | D:2      | Killed Natasha
  1319 | D:2      | Noticed Natasha
  1338 | D:2      | Killed Natasha
  1339 | D:2      | Gained mutation: You are mostly covered in sharp spines.
                  | [demonic ancestry]
  1339 | D:2      | Reached XP level 4. HP: 29/35 MP: 4/4
  1627 | D:2      | Noticed Natasha
  1638 | D:2      | Killed Natasha
  2004 | D:3      | Reached XP level 5. HP: 41/41 MP: 5/5
  2495 | D:3      | Found a faded altar of an unknown god.
  2499 | D:3      | Found a shimmering blue altar of Sif Muna.
  2604 | D:4      | Found a transporter.
  2673 | D:4      | Found a transporter.
  2674 | D:4      | Noticed rayg00n's ghost (amateur AtRe)
  2674 | D:4      | Identified the +10 great mace of Turmoil {antimagic, Will-
                  | Str+6 Int+5}
  2674 | D:4      | Noticed an ogre
  2792 | D:4      | Discovered your monstrous ancestry.
  2792 | D:4      | Gained mutation: Your touch may inflict minor irresistible
                  | damage on your foes. [demonic ancestry]
  2792 | D:4      | Reached XP level 6. HP: 29/48 MP: 6/6
  2869 | D:4      | Reached skill level 1 in Armour
  3010 | D:4      | Found a broken altar of Ashenzari.
  3176 | D:5      | Entered Level 5 of the Dungeon
  3278 | D:5      | Gained mutation: You have large cloven feet. [demonic
                  | ancestry]
  3278 | D:5      | Reached XP level 7. HP: 44/55 MP: 7/7
  3463 | D:5      | You fall into a shaft and drop 2 floors!
  3488 | D:7      | Noticed Duvessa
  3489 | D:7      | Noticed Dowan
  3495 | D:7      | Reached skill level 5 in Fighting
  3495 | D:7      | Reached skill level 5 in Dodging
  3497 | D:7      | Killed Duvessa
  3502 | D:7      | HP: 1/56 [Dowan/+0 dagger (4)]
  3502 | D:7      | Killed Dowan
  3726 | D:7      | Reached XP level 8. HP: 21/64 MP: 8/8
  4056 | D:7      | Found Gaataon's General Store.
  4209 | D:7      | Found Juaw's Weapon Shop.
  4223 | D:7      | Found Qoaroc's Weapon Boutique.
  4470 | D:7      | Shot with an arrow by a centaur

Illustrated notes

Levels and vault maps discovered:
D:1:      saegor_arrival_simple_e, layout_basic, minmay_tromino_v2
D:2:      layout_basic, serial_co_window_serial, co_window_of_opportunity_a,
          co_window_paths_a, co_window_of_opportunity_a, co_window_cross_1,
          co_window_of_opportunity_a, co_window_paths_b, co_window_corner_ca,
          co_window_2corner, co_window_paths_c, co_window_2corner,
          co_window_corner_ca, co_window_4corner_a, glass_columns_b,
          chequers_serial_rivers_large_a, nicolae_shop_unique_rings,
          st_stairs_6, uniq_natasha
D:3:      layout_basic, nicolae_overflow_ecumenical_swirl,
          dreamdust_mushroom_princess
D:4:      layout_rooms, mainiacjoe_overflow_small_starburst,
          gammafunk_ghost_smash, st_stairs_1, lightli_corner_chamber
D:5:      layout_cave_pools, serial_shops, nicolae_shop_hallway_stairs
D:7:      layout_basic, gup_ossuary_entry_pyramid, serial_shops, shop_fountains,
          shop, nicolae_shop_hallway_plus, minmay_shattered_shrine, uniq_duvessa

Skill      XL: |  1  2  3  4  5  6  7  8 |
---------------+-------------------------+-----
Throwing       | 2 |  2.2
Axes           | 3 4 |  4.1
Dodging        | 3 4 5 6 |  6.2
Fighting       | 3 4 5 6 |  6.4
Armour         | 1 3 4 |  4.4

Action                   |  1- 3 |  4- 6 |  7- 9 || total
-------------------------+-------+-------+-------++-------
Melee: War axe           |    68 |    76 |    64 ||   208
       Punch             |       |     1 |     1 ||     2
       Touch             |       |    11 |     9 ||    20
       Kick              |       |       |    17 ||    17
 Stab: Sleeping          |     1 |     1 |       ||     2
Armor: Leather armour    |    20 |    14 |    12 ||    46
Dodge: Dodged            |    50 |    55 |    40 ||   145

Table legend: (Time is in decaauts)
 A = Elapsed time spent in this place.
 B = Non-inter-level travel time spent in this place.
 C = Inter-level travel time spent in this place.
 D = Time resting spent in this place.
 E = Time spent auto-exploring this place.
 F = Levels seen in this place.
 G = Mean time per level.
                   A        B        C        D        E       F      G
               +--------+--------+--------+--------+--------+-----+--------+
         Total |   4565 |   4263 |    302 |    237 |   3310 |   6 |  760.8 |
       Dungeon |   4565 |   4263 |    302 |    237 |   3310 |   6 |  760.8 |
               +--------+--------+--------+--------+--------+-----+--------+

Top non-repeatable levels by time:
     D:2: 1114 daAuts
     D:7: 1023 daAuts
     D:1: 761 daAuts
     D:3: 754 daAuts
     D:4: 619 daAuts
     D:5: 292 daAuts
